 Dungeon Crawl Stone Soup version 0.26.0-10-g1f06aea511 (webtiles) character file.

Game seed: 13830362691664108571

169 Borgoz the Slasher (level 5, -4/44 HPs)
             Began as a Ghoul Gladiator on Jan 18, 2021.
             Was an Initiate of Okawaru.
             Killed by divine providence
             ... invoked by an orc priest
              (11 damage)
             ... on level 3 of the Dungeon.
             The game lasted 00:02:39 (2416 turns).

Borgoz the Slasher (Ghoul Gladiator)                Turns: 2416, Time: 00:02:39

Health: -4/44      AC: 14    Str: 18    XL:     5   Next: 50%
Magic:  4/4        EV:  8    Int:  3    God:    Okawaru [......]
Gold:   125        SH:  0    Dex: 11    Spells: 4/4 levels left

rFire    . . .     SeeInvis .   a - +0 long sword
rCold    + . .     Faith    .   (no shield)
rNeg     + + +     Spirit   .   j - +2 chain mail {rPois}
rPois    ∞         Reflect  .   i - +1 helmet
rElec    .         Harm     .   (no cloak)
rCorr    .         Rampage  .   (no gloves)
Will     .....                  g - +0 pair of boots
Stlth    ..........             (no amulet)
HPRegen  0.00/turn              (no ring)
MPRegen  0.09/turn              (no ring)

@: no status effects
A: claws 1, cold resistance 1, negative energy resistance 3, inhibited
regeneration, torment resistance, unbreathing
a: Renounce Religion


You were on level 3 of the Dungeon.
You worshipped Okawaru.
Okawaru was noncommittal.
You visited 1 branch of the dungeon, and saw 3 of its levels.

You collected 125 gold pieces.

Inventory:

Hand Weapons
 a - a +0 long sword (weapon)
Missiles
 d - 3 throwing nets (quivered)
Armour
 g - a +0 pair of boots (worn)
 i - a +1 helmet (worn)
 j - a +2 chain mail of poison resistance (worn)
Jewellery
 m - an uncursed ring of fire
Scrolls
 c - 2 scrolls of remove curse
 h - a scroll of identify
Potions
 b - a potion of brilliance {unknown}
 e - 2 potions of flight
 k - a potion of curing
 l - a potion of haste {unknown}
 o - a potion of magic {unknown}


   Skills:
 + Level 2.9 Fighting
 * Level 3.7 Long Blades
 - Level 1.7 Throwing
 * Level 2.4 Armour
 + Level 3.3 Dodging
 + Level 0.9 Invocations


You had 4 spell levels left.
You didn't know any spells.
Your spell library was empty.

Dungeon Overview and Level Annotations

Branches:
Dungeon (3/15)

Altars:
Okawaru


Innate Abilities, Weirdness & Mutations

You thrive by killing the living.
You are immune to poison.
You have sharp fingernails.
Your flesh is cold resistant. (rC+)
You are immune to negative energy. (rN+++)
You do not regenerate when monsters are visible.
You are immune to unholy pain and torment.
You can survive without breathing.


Message History

You are too injured to fight recklessly!
Okay, then.
You hit the orc priest.
The orc priest is lightly wounded.
The bat hits you but does no damage. x2; The adder bites you.
* * * LOW HITPOINT WARNING * * *
The orc hits you but does no damage.
The orc priest hits you but does no damage.
The hobgoblin barely misses you. The adder bites you.
* * * LOW HITPOINT WARNING * * *
The orc closely misses you.
You hit the orc priest.
The orc priest is heavily wounded.
The bat hits you but does no damage. The orc priest closely misses you.
The adder closely misses you.
You riposte.
You miss the adder.
The adder is lightly wounded.
The bat hits you but does no damage.
The orc priest calls down the wrath of Beogh upon you.
Beogh smites you!
You die...

#####.##.####... ...
#...#.##.####### ...
#.#.#.##.......# ....
#.#.#.##...###.# .....
#.#..........#.#
.....####.#.....####.#.#
..........#.#.#.####.#.#
#...>.og†...............
.#..oo@###.#.#.####.#..
#...Sb# #.#.#.# #.###
........# #.#.#.# #.#
#.#.....# #...#.# #.#
#........ ### #.#
#........ #.# .
#........ #.#..
#.?......# #<#.. ###..


You could see 2 orc priests, an adder, an orc, a hobgoblin and a bat.

Vanquished Creatures
  A worker ant (D:3)
  6 adders
  An ooze (D:1)
  4 worms (D:2)
  3 dart slugs
  2 leopard geckos
  An orc (D:3)
  A giant cockroach (D:2)
  9 goblins
  3 hobgoblins
  3 jackals (D:1)
  13 kobolds
  A quokka (D:2)
  2 ball pythons
  4 bats
  10 frilled lizards
  8 rats
72 creatures vanquished.

Vanquished Creatures (others)
  3 plants (D:1)
3 creatures vanquished.

Grand Total: 75 creatures vanquished

Notes
Turn   | Place    | Note
-------+----------+-------------------------------------------
     0 | D:1      | Borgoz the Ghoul Gladiator began the quest for the Orb.
     0 | D:1      | Reached XP level 1. HP: 17/17 MP: 0/0
   108 | D:1      | Reached XP level 2. HP: 20/24 MP: 1/1
   291 | D:1      | Reached skill level 1 in Armour
   540 | D:1      | Reached XP level 3. HP: 26/30 MP: 2/2
  1097 | D:2      | Reached XP level 4. HP: 37/37 MP: 3/3
  1253 | D:2      | Found an iron altar of Okawaru.
  1259 | D:2      | Became a worshipper of Warmaster Okawaru
  1967 | D:2      | Reached XP level 5. HP: 44/44 MP: 4/4
  2416 | D:3      | Killed from afar by an orc priest

Illustrated notes

Levels and vault maps discovered:
D:1:      matt_arrival_los_fun, layout_rooms, chequers_hall_statues_wall_a,
          minivault_25, hangedman_abyss_or_decor_lesser_grid,
          serial_bayou_lake_a
D:2:      layout_loops_corners, okawaru_gym_becter, minmay_mini_jars
D:3:      layout_basic

Skill      XL: |  1  2  3  4 |
---------------+-------------+-----
Long Blades    | 3 |  3.7
Armour         | 1 2 |  2.4
Dodging        | 3 |  3.3
Fighting       | |  2.9
Throwing       | |  1.7
Invocations    | |  0.9

Action                   |  1- 3 |  4- 6 || total
-------------------------+-------+-------++-------
Melee: Long sword        |    93 |   130 ||   223
  Use: Scroll            |     2 |     4 ||     6
Armor: Leather armour    |    35 |    31 ||    66
       Chain mail        |       |    47 ||    47
       Ring mail         |       |    10 ||    10
Dodge: Dodged            |    59 |   111 ||   170
       Rpst.: Long sword |    16 |    34 ||    50
